Map: Apothéose EC

Players

PinkWarPony

  • Race: Protoss Protoss
  • League: Diamond

Worming - Winner!

  • Race: Zerg Zerg
  • League: Diamond

VOD

Have the link to the VOD?

Description

Time

  • Played on: July 17, 2016, 6:24 a.m.
  • Length: 12:14
Show
View Real Time Build Order
Export as new Build Order

PinkWarPony Protoss 

Build Orders:  

Get SALT Encoding   

  12  0:01  Probe (Chrono Boost)  
  13  0:12  Probe (Chrono Boost)  
  14  0:22  Probe (Chrono Boost)  
  15  0:31  Pylon  
  15  0:49  Probe (Chrono Boost)  
  16  1:00  Probe (Chrono Boost)  
  17  1:07  Nexus  
  17  1:11  Gateway  
  17  1:14  Probe (Chrono Boost)  
  18  1:19  Assimilator  
  18  1:25  Probe (Chrono Boost)  
  19  1:27  Assimilator  
  19  1:35  Probe (Chrono Boost)  
  20  1:46  Probe (Chrono Boost)  
  21  1:56  Probe (Chrono Boost)  
  21  1:59  Cybernetics Core  
  22  2:01  Pylon  
  23  2:08  Probe (Chrono Boost)  
  23  2:15  Zealot  
  23  2:20  Probe (Chrono Boost)  
  23  2:21  Probe (Chrono Boost)  
  27  2:28  Pylon  
  27  2:31  Probe (Chrono Boost)  
  27  2:32  Probe (Chrono Boost)  
  29  2:40  Warp Gate  
  29  2:42  Mothership Core (Chrono Boost)  
  32  2:45  Probe (Chrono Boost)  
  32  2:49  Stalker  
  34  2:55  Probe (Chrono Boost)  
  35  3:01  Probe (Chrono Boost)  
  36  3:06  Probe (Chrono Boost)  
  36  3:11  Probe (Chrono Boost)  
  38  3:13  Robotics Facility  
  38  3:17  Probe (Chrono Boost)  
  39  3:22  Probe (Chrono Boost)  
  40  3:27  Probe (Chrono Boost)  
  40  3:29  Pylon  
  40  3:32  Probe (Chrono Boost)  
  40  3:33  Stalker  
  44  3:38  Probe (Chrono Boost)  
  45  3:44  Probe (Chrono Boost)  
  47  3:48  Probe (Chrono Boost), Stargate  
  47  3:50  Pylon  
  47  3:52  Gateway  
  47  3:57  Forge  
  47  3:58  Probe (Chrono Boost), Observer  
  49  4:05  Probe (Chrono Boost)  
  50  4:11  Probe (Chrono Boost)  
  52  4:17  Probe (Chrono Boost)  
  52  4:19  Observer  
  52  4:23  Probe (Chrono Boost)  
  54  4:25  Assimilator  
  54  4:27  Assimilator  
  54  4:28  Pylon x2, Stalker  
  56  4:34  Phoenix  
  56  4:37  Probe x2 (Chrono Boost)  
  60  4:45  Protoss Ground Weapons Level 1  
  60  4:49  Probe x2 (Chrono Boost)  
  62  4:59  Phoenix  
  64  5:00  Probe (Chrono Boost)  
  64  5:01  Probe (Chrono Boost)  
  66  5:11  Probe x2 (Chrono Boost)  
  66  5:14  Immortal  
  73  5:21  Probe (Chrono Boost)  
  73  5:22  Probe (Chrono Boost)  
  73  5:28  Nexus  
  74  5:30  Assimilator  
  74  5:35  Assimilator  
  74  5:37  Pylon  
  74  5:41  Pylon  
  74  5:42  Phoenix  
  76  5:48  Gateway  
  76  5:51  Gateway  
  76  5:54  Gateway  
  76  5:55  Gateway  
  76  5:56  Immortal  
  80  6:04  Probe (Chrono Boost)  
  80  6:05  Probe (Chrono Boost)  
  80  6:07  Phoenix  
  82  6:30  Stalker  
  82  6:31  Probe (Chrono Boost)  
  85  6:35  Void Ray  
  85  6:36  Immortal  
  93  6:43  Probe x3 (Chrono Boost)  
  93  6:44  Pylon  
  96  6:48  Twilight Council  
  96  6:53  Pylon  
  99  6:54  Probe x3 (Chrono Boost)  
  99  6:56  Pylon  
  99  7:01  Pylon  
  99  7:15  Zealot x4  
  103  7:16  Void Ray, Zealot x2  
  103  7:17  Immortal  
  119  7:27  Charge  
  119  7:44  Zealot x2  
  119  7:45  Zealot x4  
  120  7:59  Immortal  
  120  8:05  Templar Archives  
  123  8:18  Probe x2 (Chrono Boost)  
  123  8:19  Probe (Chrono Boost)  
  126  8:28  Probe x2 (Chrono Boost)  
  126  8:31  Probe (Chrono Boost)  
  129  8:40  Zealot x5  
  129  8:41  Zealot  
  139  8:47  Photon Cannon  
  139  8:50  Photon Cannon  
  131  9:04  Zealot x4  
  131  9:05  Zealot  
  141  9:17  Nexus  
  141  9:23  Pylon  
  141  9:26  Pylon  
  141  9:44  Probe (Chrono Boost)  
  142  9:51  Probe (Chrono Boost)  
  135  10:03  Probe (Chrono Boost)  
  96  10:26  High Templar  
  96  10:27  High Templar x5  
  98  10:30  Immortal  
  98  10:35  Archon x3  
  102  10:36  Robotics Facility  
  102  10:37  Robotics Facility  
  102  10:43  Gateway x2  
  102  10:46  Gateway  
  102  10:58  Void Ray  
  102  11:06  High Templar x5  
  102  11:07  High Templar  
  118  11:13  Archon x2  
  118  11:14  Nexus  
  118  11:22  Archon  
  73  11:40  Stalker x2  
  73  11:41  Stalker x4  
  76  11:58  High Templar  
  76  11:59  High Templar x4  
  84  12:03  Archon x2  
Show
View Real Time Build Order
Export as new Build Order

Worming Zerg - Winner!

Build Orders: Hatch First 

Get SALT Encoding   

  12  0:02  Drone  
  13  0:12  Overlord  
  13  0:19  Drone  
  14  0:31  Drone x2  
  16  0:38  Drone  
  17  0:53  Hatchery  
  17  0:56  Drone  
  17  1:11  Spawning Pool  
  16  1:12  Drone  
  16  1:16  Drone  
  16  1:18  Extractor  
  17  1:33  Drone x2  
  19  1:45  Overlord  
  19  1:57  Queen  
  19  1:58  Zergling x2  
  22  2:05  Queen  
  22  2:06  Zergling x2  
  22  2:07  Drone  
  26  2:13  Drone  
  27  2:20  Drone  
  28  2:26  Drone  
  28  2:27  Metabolic Boost  
  29  2:33  Drone x2  
  29  2:36  Queen  
  33  2:39  Overlord  
  33  2:51  Drone x2  
  35  3:08  Drone  
  35  3:09  Drone x5  
  41  3:28  Evolution Chamber  
  41  3:31  Roach Warren  
  41  3:32  Drone x4  
  41  3:33  Hatchery, Extractor  
  41  3:46  Lair  
  41  3:49  Drone x3  
  41  3:50  Overlord  
  41  3:52  Overlord  
  44  3:58  Zerg Missile Weapons Level 1  
  44  4:18  Drone x8  
  52  4:29  Overlord x2  
  52  4:48  Glial Reconstitution  
  52  4:49  Roach x3  
  52  4:50  Roach x4  
  52  4:52  Overlord  
  66  4:53  Overlord  
  66  5:09  Extractor  
  66  5:10  Overlord, Extractor  
  66  5:11  Roach x4  
  72  5:17  Drone  
  72  5:18  Drone x2  
  72  5:19  Drone x3  
  72  5:20  Drone x3  
  81  5:28  Roach x2  
  84  5:39  Pneumatized Carapace  
  84  5:43  Drone x6  
  84  5:46  Overseer  
  90  5:52  Overlord x2  
  90  5:54  Extractor  
  89  6:21  Zerg Missile Weapons Level 2  
  89  6:25  Drone x3  
  90  6:26  Extractor  
  90  6:27  Drone x3  
  90  6:30  Overlord x3  
  92  6:35  Infestation Pit  
  92  6:38  Hatchery  
  90  6:43  Queen x2  
  94  6:48  Zergling x20  
  94  6:50  Roach x5  
  114  6:57  Zergling x2  
  114  6:58  Zergling x8  
  119  7:02  Ravager  
  119  7:03  Ravager  
  119  7:04  Ravager  
  119  7:08  Ravager  
  123  7:09  Ravager  
  123  7:13  Ravager  
  125  7:16  Roach x6  
  125  7:17  Overlord x3  
  137  7:26  Evolution Chamber  
  136  7:31  Hive  
  136  7:38  Zergling x2  
  130  8:05  Zerg Ground Armor Level 1  
  130  8:13  Zergling x10  
  130  8:18  Roach x8  
  144  8:44  Zerg Missile Weapons Level 3  
  144  8:47  Ultralisk Cavern  
  142  8:48  Hydralisk Den  
  135  8:59  Roach x5  
  135  9:00  Roach x12  
  156  9:15  Overlord x2  
  156  9:16  Roach, Overlord  
  158  9:17  Roach x3  
  158  9:18  Muscular Augments  
  158  9:29  Zergling x2  
  158  9:30  Zergling x2  
  160  9:33  Chitinous Plating, Overseer  
  160  9:35  Hydralisk x6  
  160  9:36  Zergling x4  
  168  9:57  Hydralisk  
  168  9:58  Zergling x6, Hydralisk x3  
  168  9:59  Zergling x2  
  134  10:16  Zergling x2, Hydralisk x4  
  134  10:17  Zergling x12  
  143  10:31  Queen  
  145  10:41  Hydralisk x2  
  145  10:42  Zergling x2  
  150  10:43  Zergling x4, Ultralisk  
  150  10:44  Zergling x6  
  150  10:49  Spine Crawler  
  160  10:55  Overlord  
  160  10:58  Zergling x4, Ultralisk  
  160  11:01  Drone x3  
  171  11:04  Hatchery  
  124  11:40  Hydralisk  
  124  11:41  Zergling x2, Hydralisk x4  
  124  11:42  Zergling x8, Roach x4  
Tags
 
Add a new tag
Caveats
  • Supply blocks, unpowered buildings, or Contaminate may cause inaccurate times.
  • Supply counts are checked every 10 seconds.